 Dungeon Crawl Stone Soup version 0.31.0-9-g3a7656b989 (webtiles) character file.

Game seed: 4232794676604785097

8337 Legs the Protected (level 11, -3/77 (89) HPs)
             Began as a Minotaur Berserker on Jan 23, 2024.
             Was an Elder of Trog.
             Slain by a pharaoh ant (6 damage)
             ... on level 2 of the Lair of Beasts on Jan 25, 2024.
             The game lasted 00:39:59 (9511 turns).

Legs the Protected (Minotaur Berserker)             Turns: 9511, Time: 00:40:00

HP:   -3/77 (89)    AC: 23    Str: 26    XL:     11   Next: 8%
MP:   10/10         EV: 10    Int:  4    God:    Trog [****..]
Gold: 710           SH:  0    Dex: 16    Spells: 10/10 levels left

rFire   . . .        F - +2 dire flail (venom)
rCold   . . .        (shield currently unavailable)
rNeg    . . .        J - +0 plate armour
rPois   .            (helmet restricted)
rElec   .            H - +0 cloak
rCorr   .            d - +0 pair of gloves
SInv    .            i - +0 pair of boots
Will    .....        v - amulet of regeneration Stlth
                     j - +4 ring of protection
HPRegen 1.12/turn    r - +6 ring of dexterity
MPRegen 0.12/turn

%: no passive effects
@: heavily drained
A: horns 2, retaliatory headbutt, claws 1, talons 1, frail 1
a: Renounce Religion, Berserk, Trog's Hand, Brothers in Arms


You were on level 2 of the Lair of Beasts.
You worshipped Trog.
Trog was greatly pleased with you.
You visited 2 branches of the dungeon, and saw 11 of its levels.
You also visited: Sewer.

You collected 710 gold pieces.

Inventory:

Hand Weapons
 c - a +1 short sword of freezing
 l - a +2 falchion of protection
 s - a +2 war axe of flaming
 z - a +2 quarterstaff of chaos
 F - a +2 dire flail of venom (weapon)
Missiles
 C - 5 javelins (quivered)
 I - 10 boomerangs
Armour
 d - a +0 pair of gloves (worn)
 i - a +0 pair of boots (worn)
 x - a +0 helmet
 H - a +0 cloak (worn)
 J - a +0 plate armour (worn)
Jewellery
 j - a +4 ring of protection (left hand)
 r - a +6 ring of dexterity (right hand)
 v - an amulet of regeneration (around neck)
 A - the amulet "Wevoaniruy" {Spirit Int+3}
   (You found it on level 4 of the Dungeon)

   [amulet of guardian spirit]

   Spirit:    It causes incoming damage to be divided between your reserves of
   health and magic.
   Int+3:     It affects your intelligence (+3).
Wands
 e - a wand of digging (7)
 t - a wand of mindburst (14)
 L - a wand of charming (5)
 N - a wand of iceblast (1)
Scrolls
 f - a scroll of enchant armour {unknown}
 h - 3 scrolls of teleportation
 m - 4 scrolls of fog
 n - 3 scrolls of fear
 o - a scroll of noise
 p - a scroll of torment
 u - a scroll of blinking
 w - a scroll of brand weapon
 y - a scroll of identify
 E - 2 scrolls of vulnerability
 M - a scroll of butterflies {unknown}
Potions
 a - 3 potions of curing
 b - 4 potions of magic
 g - 2 potions of might
 k - 5 potions of heal wounds
 q - a potion of enlightenment {unknown}
 B - 2 potions of attraction
 D - a potion of resistance {unknown}
 K - a potion of ambrosia {unknown}
 O - a potion of cancellation {unknown}


   Skills:
 + Level 10.1 Fighting
 + Level 10.4 Long Blades
 + Level 10.1 Maces & Flails
 + Level 10.7 Armour
 + Level 4.9 Dodging
 + Level 1.5 Stealth


You had 10 spell levels left.
You didn't know any spells.
Your spell library was empty.

Dungeon Overview and Level Annotations

Branches:
Dungeon (9/15)             Temple (0/1) D:6            Lair (2/5) D:9
 Spider (0/4) Lair:2          Orc (0/2) D:9           Sewer (visited)
  Swamp: Lair:2-3    Shoals: Lair:2-3

Altars:
Cheibriados
Fedhas
Okawaru
Sif Muna
Uskayaw

Shops:
D:1 !   D:2 :   D:5 :

Annotations:
D:5 3 runed translucent doors, Krumphau's ghost, novice DjHW


Innate Abilities, Weirdness & Mutations

You have a pair of horns on your head.
You reflexively headbutt those who attack you in melee.
You have sharp fingernails.
You have sharp toenails.
You are frail. (-10% HP)


Message History

Trog accepts your kill.
Your Maces & Flails skill increases to level 10!
HP restored.
I - 10 boomerangs (gained 6)
A scorpion comes into view.
A scorpion is nearby!
Found 15 gold pieces.
You barely miss the scorpion.
The scorpion stings you but does no damage.
You hit the scorpion.
The scorpion is poisoned.
The scorpion is lightly wounded.
You completely miss the scorpion.
The scorpion is moderately wounded.
The scorpion stings you but does no damage.
You closely miss the scorpion. Your headbutt misses the scorpion.
The scorpion is heavily wounded.
The scorpion misses you. You furiously retaliate!
You headbutt the scorpion!
You kill the scorpion!
Trog accepts your kill.
No target in view!
No target in view!
A pharaoh ant comes into view.
Found a hole to the Spider Nest.
The pharaoh ant gives a chilling moan.
A tarantella comes into view.
The tarantella's many legs skitter faintly.
The pharaoh ant bites you!
You feel drained.
You bludgeon the pharaoh ant!! You headbutt the pharaoh ant.
The pharaoh ant is almost destroyed.
The pharaoh ant bites you!!
You feel drained.
You closely miss the pharaoh ant.
The pharaoh ant is almost destroyed.
The pharaoh ant bites you!!
* * * LOW HITPOINT WARNING * * *
You feel drained.
* * * LOW HITPOINT WARNING * * *
The tarantella touches you!
* * * LOW HITPOINT WARNING * * *
The pharaoh ant bites you.
You die...

##.†#........#
#............#
#....###.....#
##....#......###
#....#........
##..........# P.#
###.........#### .
.....#.#B.#.......#P####
..
.......@s.#....#....#...
...
........................
...
........................
...
...###..................
..# ..
#...#...........#.. .##
. #...###.P.##..P....
..# .P...# #####........
..# ...... #...#.... ..#
#...#....


You could see a pharaoh ant and a tarantella.

Vanquished Creatures
  2 elephants (Lair:1)
  2 black mambas (Lair:1)
  A rime drake (D:9)
  A cane toad (Lair:1)
  A troll (D:9)
  Grinder (D:3)
  A polar bear (D:9)
  A wyvern (Lair:2)
  11 yaks
  A basilisk (Lair:1)
  5 water moccasins
  Duvessa (D:5)
  3 orc warriors
  Pargi (Sewer)
  A black bear (D:6)
  5 ice beasts
  An ogre (D:5)
  2 wolves (D:9)
  3 centaurs
  2 phantoms
  Blork the orc (D:6)
  A brain worm (Sewer)
  A bullfrog (D:8)
  A gnoll sergeant (D:9)
  4 scorpions
  4 wights (D:9)
  Dowan (D:5)
  6 killer bees (D:9)
  A bombardier beetle (D:3)
  An orc priest (D:6)
  A gnoll bouda (D:6)
  5 hounds
  A jelly (Sewer)
  Crazy Yiuf (D:7)
  A sleepcap (D:6)
  3 iguanas
  7 adders
  11 gnolls
  3 shadow imps
  3 white imps
  2 ufetubi (D:7)
  A dart slug (D:1)
  3 ribbon worms
  16 orcs
  9 endoplasms
  5 giant cockroaches
  5 goblins
  9 hobgoblins
  3 jackals (D:1)
  3 quokkas
  6 ball pythons
  7 bats
  4 frilled lizards
  8 kobolds
  13 rats
197 creatures vanquished.

Notes
Turn   | Place    | Note
-------+----------+-------------------------------------------
     0 | D:1      | Legs the Minotaur Berserker began the quest for the Orb.
     0 | D:1      | Reached XP level 1. HP: 19/19 MP: 0/0
   133 | D:1      | Reached XP level 2. HP: 27/27 MP: 1/1
   699 | D:1      | Found Ymuhuz's Distillery.
   879 | D:2      | Found Axzoy's Book Boutique.
   944 | D:2      | Reached XP level 3. HP: 34/34 MP: 2/2
  1115 | D:2      | Reached ** piety under Trog
  1183 | D:2      | Found a faded altar of an unknown god.
  1267 | D:2      | Found a snail-covered altar of Cheibriados.
  1588 | D:3      | Noticed Grinder
  1630 | D:3      | Paralysed by Grinder for 4 turns
  1650 | D:3      | Paralysed by Grinder for 4 turns
  1657 | D:3      | Killed Grinder
  1658 | D:3      | Reached skill level 5 in Fighting
  1658 | D:3      | Reached skill level 5 in Maces & Flails
  1658 | D:3      | Reached XP level 4. HP: 35/42 MP: 3/3
  1658 | D:3      | Reached XP level 5. HP: 40/48 MP: 4/4
  1658 | D:3      | Reached XP level 6. HP: 47/56 MP: 5/5
  1765 | D:3      | Found an iron altar of Okawaru.
  3049 | D:4      | Identified the +5 dagger of Fortitude {holy, rCorr}
  3257 | D:4      | Identified the amulet "Wevoaniruy" {Spirit Int+3}
  3366 | D:5      | Entered Level 5 of the Dungeon
  3383 | D:5      | Found a glowing drain.
  3404 | Sewer    | Entered a sewer
  3412 | Sewer    | Reached XP level 7. HP: 59/61 MP: 6/6
  3601 | Sewer    | Noticed Pargi
  3608 | Sewer    | Killed Pargi
  3609 | Sewer    | Reached skill level 5 in Long Blades
  3662 | Sewer    | Reached *** piety under Trog
  3828 | D:5      | Reached skill level 5 in Armour
  3835 | D:5      | Noticed Dowan
  3837 | D:5      | Noticed Duvessa
  3853 | D:5      | Killed Duvessa
  3854 | D:5      | Killed Dowan
  3855 | D:5      | Reached XP level 8. HP: 54/70 MP: 7/7
  4138 | D:5      | Noticed Krumphau's ghost (novice DjHW)
  4147 | D:5      | Found a runed translucent gate.
  4148 | D:5      | Found a runed translucent gate.
  4161 | D:5      | Found a runed translucent gate.
  4189 | D:5      | Found Juschex's Book Emporium.
  4528 | D:6      | Found a shimmering blue altar of Sif Muna.
  4910 | D:6      | Noticed Blork the orc
  4929 | D:6      | Killed Blork the orc
  5134 | D:6      | Reached XP level 9. HP: 79/79 MP: 8/8
  5393 | D:6      | You fall into a shaft and drop 1 floor!
  5592 | D:6      | Found a staircase to the Ecumenical Temple.
  6028 | D:7      | Found a runed translucent door.
  6029 | D:7      | Noticed Crazy Yiuf
  6351 | D:7      | Killed Crazy Yiuf
  6618 | D:8      | Reached **** piety under Trog
  6776 | D:8      | Found a hide-covered altar of Uskayaw.
  7181 | D:9      | Upgraded the game from 0.31.0-4-g52a2dc7128 to
                  | 0.31.0-9-g3a7656b989
  7209 | D:8      | Gained mutation: You have sharp fingernails. [potion of
                  | mutation]
  7209 | D:8      | Gained mutation: You are frail. (-10% HP) [potion of
                  | mutation]
  7209 | D:8      | Gained mutation: You have sharp toenails. [potion of
                  | mutation]
  7240 | D:9      | Noticed a troll
  7248 | D:9      | Killed a troll
  7277 | D:9      | Noticed a rime drake
  7295 | D:9      | Reached skill level 10 in Long Blades
  7299 | D:9      | Noticed a polar bear
  7307 | D:9      | Killed a rime drake
  7336 | D:9      | Killed a polar bear
  7337 | D:9      | Reached XP level 10. HP: 45/80 MP: 5/9
  7546 | D:9      | Found a staircase to the Lair.
  7659 | D:9      | Found a staircase to the Orcish Mines.
  7920 | D:9      | Reached skill level 1 in Stealth
  7932 | D:9      | Reached skill level 10 in Armour
  8144 | D:9      | Found a blossoming altar of Fedhas.
  8315 | Lair:1   | Entered Level 1 of the Lair of Beasts
  8384 | Lair:1   | Noticed a cane toad
  8400 | Lair:1   | Killed a cane toad
  8617 | Lair:1   | Noticed an elephant
  8618 | Lair:1   | Noticed an elephant
  8618 | Lair:1   | Noticed an elephant
  8619 | Lair:1   | Noticed an elephant
  8694 | Lair:1   | Killed an elephant
  8700 | Lair:1   | Killed an elephant
  8922 | Lair:1   | Noticed a black mamba
  8936 | Lair:1   | Killed a black mamba
  9042 | Lair:1   | Reached skill level 10 in Fighting
  9042 | Lair:1   | Reached XP level 11. HP: 89/89 MP: 10/10
  9457 | Lair:2   | Reached skill level 10 in Maces & Flails
  9500 | Lair:2   | Found a hole to the Spider Nest.
  9500 | Lair:2   | Noticed a pharaoh ant
  9511 | Lair:2   | HP: 3/77 [tarantella (11)]
  9511 | Lair:2   | Slain by a pharaoh ant

Illustrated notes

Levels and vault maps discovered:
D:1:      dpeg_arrival_tiny_a, layout_basic, serial_shops, shop
D:2:      layout_basic, ebering_ecumenical_altar_ruins, serial_shops, shop,
          basic_altar, st_stairs_8
D:3:      layout_basic, okawaru_trees_2, uniq_grinder
D:4:      layout_loops_ring
D:5:      layout_rooms, gammafunk_ghost_split, cheibrodos_sewer_entry_drain,
          serial_shops, shop, uniq_duvessa
D:6:      layout_basic, overflow_temple_1_default, temple_hall,
          uniq_blork_the_orc
D:7:      layout_cave_pools, serial_glass, glass_columns_a, glass_columns_a,
          glass_columns_a, glass_columns_a, glass_columns_b, glass_columns_a,
          glass_columns_c, glass_columns_c, uniq_crazy_yiuf_cottage
D:8:      layout_basic, mainiacjoe_overflow_alcove_1
D:9:      layout_basic, lemuel_doored_altar, hellmonk_lair_entry_icy,
          orc_0_dummy, chequers_serial_rivers_large_a
Lair:1:   layout_long_grid, grunt_megastairs_2, lemuel_fruit_fields
Lair:2:   layout_gridlike, nicolae_spider_entry_lesser_pyramids

Skill      XL: |  1  2  3  4  5  6  7  8  9 10 11 |
---------------+----------------------------------+-----
Maces & Flails | 4 5 6 9 10 | 10.1
Fighting       | 4 5 6 7 8 10 | 10.1
Long Blades    | 2 4 6 9 10 | 10.4
Armour         | 3 4 5 6 9 10 | 10.7
Dodging        | 3 4 |  4.9
Stealth        | 1 |  1.5

Action                     |  1- 3 |  4- 6 |  7- 9 | 10-12 || total
---------------------------+-------+-------+-------+-------++-------
  Melee: Mace              |    35 |       |       |       ||    35
         Headbutt          |     9 |     9 |    61 |    35 ||   114
         Falchion          |    47 |    92 |   250 |       ||   389
         Punch             |     1 |     1 |     3 |       ||     5
         Dire flail        |       |       |    52 |   126 ||   178
 Invoke: Trog's Hand       |     1 |       |     1 |       ||     2
         Berserk           |     1 |       |       |       ||     1
    Use: Potion            |       |     2 |     3 |       ||     5
         Scroll            |       |       |    15 |       ||    15
 Armour: Animal skin       |    28 |       |       |       ||    28
         Chain mail        |    43 |    64 |   225 |       ||   332
         Plate armour      |       |       |    66 |   109 ||   175
  Dodge: Dodged            |    40 |    62 |   182 |    55 ||   339
